Map: Goldenaura LE

Players

MVO

  • Race: Protoss Protoss
  • League: Platinum
  • Spawn Location: 5:00

TooMuch - Winner!

  • Race: Terran Terran
  • Spawn Location: 12:00

VOD

Have the link to the VOD?

Description

Time

  • Played on: June 29, 2024, 2:01 a.m.
  • Length: 11:15
Show
View Real Time Build Order
Export as new Build Order

MVO Protoss 

Build Orders: 1 Gate Expand 

Get SALT Encoding   

  12  0:01  Probe  
  13  0:13  Probe  
  14  0:17  Pylon  
  14  0:25  Probe  
  15  0:36  Gateway  
  15  0:41  Assimilator  
  15  0:43  Probe (Chrono Boost)  
  16  0:55  Probe (Chrono Boost)  
  17  1:02  Probe (Chrono Boost)  
  18  1:10  Probe  
  19  1:22  Probe  
  20  1:33  Nexus  
  20  1:34  Probe  
  21  1:41  Pylon  
  21  1:46  Probe  
  22  1:48  Cybernetics Core  
  22  2:07  Probe  
  23  2:17  Assimilator  
  23  2:19  Probe  
  24  2:23  Stalker (Chrono Boost)  
  24  2:24  Pylon, Warp Gate (Chrono Boost)  
  26  2:31  Probe  
  27  2:43  Probe  
  28  2:45  Stalker  
  30  2:55  Probe  
  31  3:04  Probe  
  32  3:08  Probe  
  32  3:12  Robotics Facility  
  33  3:15  Twilight Council  
  33  3:16  Probe  
  34  3:20  Probe  
  35  3:28  Probe  
  35  3:32  Gateway, Probe  
  35  3:34  Gateway  
  37  3:41  Probe  
  38  3:45  Stargate, Probe  
  39  3:53  Probe  
  39  3:56  Pylon  
  39  3:58  Probe  
  39  4:01  Observer  
  41  4:05  Probe  
  42  4:11  Stalker  
  44  4:17  Probe x2  
  44  4:23  Assimilator  
  46  4:29  Probe x2  
  48  4:33  Phoenix  
  48  4:35  Stalker  
  52  4:45  Stalker  
  54  4:48  Probe  
  54  4:49  Probe  
  56  4:54  Assimilator  
  56  5:01  Probe  
  56  5:06  Nexus  
  57  5:07  Pylon  
  57  5:11  Stalker x2  
  61  5:21  Pylon  
  61  5:25  Forge  
  61  5:26  Probe x2  
  63  5:29  Immortal  
  61  5:48  Stalker x3  
  63  6:01  Phoenix  
  65  6:04  Probe x2  
  65  6:08  Immortal (Chrono Boost)  
  71  6:16  Probe x2  
  73  6:21  Templar Archives  
  73  6:27  Probe (Chrono Boost)  
  73  6:29  Probe x2 (Chrono Boost)  
  76  6:36  Phoenix  
  76  6:38  Probe (Chrono Boost)  
  76  6:39  Probe x2 (Chrono Boost)  
  81  6:43  Probe x3 (Chrono Boost), Protoss Ground Weapons Level 1 (Chrono Boost)  
  81  6:45  Immortal (Chrono Boost)  
  88  6:53  Assimilator, Probe  
  89  6:54  Probe  
  89  6:55  Probe, Assimilator  
  89  6:57  Pylon  
  89  7:00  Pylon  
  91  7:02  Pylon  
  91  7:05  Pylon  
  91  7:07  Pylon  
  85  7:14  Pylon  
  80  7:18  Pylon  
  80  7:21  Stalker x3  
  86  7:32  Psionic Storm  
  86  7:34  Probe x3  
  89  7:45  High Templar  
  89  7:46  High Templar, Probe  
  94  7:54  Gateway x2  
  94  7:57  Gateway, Pylon  
  94  7:58  Probe x3  
  97  7:59  Gateway, Pylon  
  97  8:03  Zealot  
  99  8:10  Probe  
  95  8:24  Phoenix  
  95  8:26  Stalker  
  99  8:27  Sentry, Zealot  
  99  8:36  Observer (Chrono Boost)  
  99  8:39  Protoss Ground Armor Level 1 (Chrono Boost)  
  100  8:48  Immortal (Chrono Boost)  
  100  8:50  Shield Battery  
  100  8:51  Shield Battery  
  100  8:53  Gateway, Probe x3  
  107  8:55  Zealot x2  
  107  8:56  Zealot x4  
  107  8:58  High Templar  
  121  9:05  Probe  
  121  9:06  Phoenix  
  95  9:27  High Templar x2  
  95  9:29  Zealot x3  
  95  9:30  Zealot x2  
  109  9:33  Probe x3  
  112  9:40  Immortal (Chrono Boost)  
  94  10:02  High Templar x2  
  94  10:04  Zealot x4  
  94  10:05  Zealot x2  
  108  10:09  Archon x2  
  108  10:22  Probe x3  
  108  10:26  Zealot x4  
  108  10:27  Zealot x2  
  123  10:32  Immortal  
  123  10:34  Probe  
  128  10:44  Zealot x2  
  132  10:52  Zealot x3  
  132  10:53  Zealot x3  
Show
View Real Time Build Order
Export as new Build Order

TooMuch Terran - Winner!

Build Orders: Reaper Expand, Mech 

Get SALT Encoding   

  12  0:00  SCV  
  13  0:12  SCV  
  14  0:17  Supply Depot  
  14  0:24  SCV  
  15  0:39  SCV  
  15  0:40  Barracks  
  16  0:47  Refinery  
  16  0:51  SCV  
  17  1:03  SCV  
  18  1:15  SCV  
  19  1:27  Orbital Command  
  19  1:36  Command Center  
  19  1:41  Reaper  
  20  1:51  Refinery  
  20  1:52  SCV  
  21  2:04  SCV  
  22  2:14  Barracks Reactor  
  22  2:23  SCV, Supply Depot  
  23  2:38  Factory  
  23  2:40  Supply Depot  
  23  2:45  SCV  
  24  2:52  Orbital Command  
  24  2:57  SCV  
  25  3:09  SCV  
  26  3:16  Supply Depot  
  26  3:21  SCV  
  26  3:24  Starport  
  27  3:32  Barracks Tech Lab  
  27  3:33  Ghost Academy, SCV  
  28  3:35  Cyclone  
  28  3:36  Cyclone  
  28  3:37  SCV  
  33  3:42  Supply Depot  
  33  3:45  SCV  
  34  3:49  SCV  
  35  3:58  SCV  
  36  4:10  Barracks Tech Lab  
  36  4:16  Cyclone x2  
  40  4:18  Banshee  
  40  4:23  SCV x2  
  45  4:34  Factory  
  45  4:35  SCV  
  46  4:41  Refinery  
  46  4:43  SCV, Refinery  
  47  4:47  SCV  
  48  4:55  SCV  
  48  4:59  SCV  
  50  5:00  Supply Depot x2  
  50  5:01  Banshee  
  50  5:02  Cyclone x2, Supply Depot x2  
  57  5:07  SCV  
  57  5:11  SCV  
  59  5:19  SCV  
  60  5:22  Factory Tech Lab  
  60  5:23  SCV  
  59  5:48  Ghost  
  61  5:50  Cyclone  
  61  5:51  Cyclone  
  61  5:55  Hellion  
  67  6:03  SCV x2  
  69  6:09  Banshee  
  72  6:15  SCV, Command Center  
  72  6:16  Hellion  
  72  6:17  Ghost  
  77  6:21  Infernal Pre-Igniter  
  77  6:26  Hellion x2  
  81  6:38  Armory, Hellion  
  83  6:41  Armory  
  83  6:45  Ghost  
  85  6:48  Hellion x2  
  85  6:50  SCV x2  
  91  6:59  Hellion  
  93  7:02  SCV  
  94  7:09  Hellion x2  
  94  7:14  Ghost  
  94  7:15  Banshee  
  92  7:27  SCV x2  
  92  7:29  Orbital Command  
  94  7:39  SCV x2  
  94  7:40  Hellbat x2  
  94  7:43  Cyclone, Ghost  
  104  7:44  Refinery  
  104  7:50  Supply Depot x3  
  104  7:51  SCV, Supply Depot  
  104  7:52  SCV  
  104  7:57  SCV, Banshee  
  110  8:01  Hellbat x2  
  110  8:03  SCV  
  110  8:04  SCV  
  116  8:09  SCV  
  116  8:11  Ghost  
  117  8:15  Cyclone  
  117  8:16  SCV  
  117  8:18  SCV  
  116  8:21  SCV  
  116  8:22  Hellbat x2  
  121  8:28  SCV  
  121  8:31  SCV  
  121  8:33  SCV  
  121  8:40  Banshee, Ghost  
  126  8:44  Hellbat x2  
  126  8:47  Cyclone  
  126  8:48  Factory  
  132  8:53  Refinery  
  132  9:03  Command Center  
  132  9:05  Hellbat  
  132  9:08  Ghost  
  133  9:19  Cyclone  
  133  9:23  Banshee  
  130  9:29  Hellbat x2  
  130  9:30  SCV x3  
  137  9:35  Factory Tech Lab  
  137  9:37  Ghost  
  139  9:42  SCV  
  140  9:50  Hellbat x2  
  144  9:52  Refinery  
  144  9:53  Engineering Bay  
  144  9:55  Thor  
  144  9:58  Refinery  
  146  10:05  Ghost  
  148  10:14  Banshee  
  148  10:15  Hellbat  
  148  10:18  Supply Depot, Planetary Fortress  
  148  10:19  Supply Depot x2  
  148  10:20  SCV x3, Supply Depot  
  148  10:21  Supply Depot  
  156  10:25  Supply Depot  
  156  10:29  Sensor Tower  
  156  10:32  SCV x3  
  156  10:34  Ghost  
  161  10:41  Hellbat  
  169  10:44  SCV  
  168  10:58  Sensor Tower  
  168  10:59  SCV x3  
  168  11:00  SCV  
Tags
 
Add a new tag
Caveats
  • Supply blocks, unpowered buildings, or Contaminate may cause inaccurate times.
  • Supply counts are checked every 10 seconds.